 Dungeon Crawl Stone Soup version 0.32-a0-120-gfac0567ad4 (webtiles) character file.

Game seed: 10434903074577630434

38 cforsyth the Magician (level 3, 0/30 HPs)
             Began as a Djinni Warper on Feb 7, 2024.
             Slain by a gnoll
             ... wielding a +0 flail
              (6 damage)
             ... on level 2 of the Dungeon.
             The game lasted 00:01:38 (1319 turns).

cforsyth the Magician (Djinni Warper)               Turns: 1319, Time: 00:01:39

Health: 0/30       AC:  3    Str: 10    XL:     3   Next: 65%
Gold:   134        EV: 11    Int: 16    God:
                   SH:  0    Dex: 12

rFire   + + .        a - +0 falchion
rCold   . . .        (no shield)
rNeg    . . .        b - +0 leather armour
rPois   ∞            (no helmet)
rElec   .            (no cloak)
rCorr   .            (no gloves)
SInv    .            (boots unavailable)
Will    .....        (no amulet)
Stlth   +            C - ring of protection from cold
HPRegen 0.25/turn    (no ring)
MPRegen 0.00/turn

%: infuse magic (-1 HP)
@: flying
A: sickness immunity, fire resistance 2, cold vulnerability 1, float, innate
caster, HP casting, extra vitality 1
a: no special abilities


You were on level 2 of the Dungeon.
You visited 1 branch of the dungeon, and saw 2 of its levels.

You collected 134 gold pieces.


Innate Abilities, Weirdness & Mutations

You are immune to sickness and miasma.
You are immune to poison.
Your flesh is very heat resistant. (rF++)
You are vulnerable to cold. (rC-)
You float through the air rather than walking.
You learn spells naturally, not from books.
Your magical power is your life essence.
You have superior vitality. (+4 MHP)


   Skills:
 + Level 3.0 Fighting
 - Level 1.7 Long Blades
 - Level 0.7 Throwing
 - Level 1.0 Armour
 - Level 2.1 Dodging
 + Level 3.4 Spellcasting
 + Level 3.4 Conjurations
 + Level 3.4 Hexes
 + Level 3.4 Summonings
 + Level 3.4 Necromancy
 + Level 3.4 Translocations
 + Level 3.4 Fire Magic
 + Level 3.4 Ice Magic
 + Level 3.4 Air Magic
 + Level 3.4 Earth Magic
 + Level 3.4 Alchemy


You knew the following spells:

 Your Spells              Type           Power      Damage    Failure   Level
l - Lesser Beckoning      Tloc           26%        N/A       9%          2
m - Manifold Assault      Tloc           13%        N/A       52%         4
t - Teleport Other        Tloc           13%        N/A       19%         3
B - Blink                 Tloc           26%        N/A       9%          2
X - Vhi's Electric Charg  Tloc/Air       26%        N/A       52%         4
Y - Necrotise             Necr           52%        1d6       6%          1
Your spell library was empty.

Inventory:

Hand Weapons
 a - a +0 falchion (weapon)
Missiles
 d - 6 darts of dispersal {=f=f}
Armour
 b - a +0 leather armour (worn)
Jewellery
 C - a ring of protection from cold (left hand)
Scrolls
 c - a scroll of blinking
 e - a scroll of immolation {unknown}
 i - 2 scrolls of identify {unknown}
 l - a scroll of vulnerability {unknown}
Potions
 f - a potion of cancellation {unknown}
 g - a potion of heal wounds {unknown}
 h - a potion of enlightenment {unknown}
 j - 2 potions of curing {unknown}
 k - a potion of attraction {unknown}
 m - a potion of degeneration {unknown}

Dungeon Overview and Level Annotations

Branches:
Dungeon (2/15)

Altars:

Shops:
D:1

[ ### ..[. #.)..
...... ......
########g<...
#..b.....# .
#....@g..# ..
#......g## #.
#.......#
##.###......[# .
.............# .##
####........# ...#
##........# ....#
##.........#
.....####..#..######


You could see 3 gnolls and a bat.


Message History

The bat barely misses you.
A gnoll comes into view. It is wielding a +0 flail.
Found a whip.
The gnoll shouts!
You hear a shout!
The bat closely misses you.
A gnoll comes into view. It is wielding a +0 spear.
You hit the bat but do no damage. The bat hits you but does no damage.
Found a ring mail.
The bat hits you but does no damage. The bat hits you but does no damage.
You hit the gnoll.
The gnoll is moderately wounded.
The bat completely misses you. The bat hits you but does no damage.
The gnoll barely misses you.
You barely miss the gnoll.
The gnoll is moderately wounded.
The bat misses you. The gnoll hits you with a +0 flail!
The gnoll completely misses you. The bat barely misses you.
You hit the gnoll but do no damage.
The gnoll is moderately wounded.
The bat barely misses you. The gnoll closely misses you.
The gnoll hits you but does no damage. The gnoll barely misses you.
You hit the gnoll.
The gnoll is heavily wounded.
The bat hits you. The gnoll hits you with a +0 flail!
* * * LOW HITPOINT WARNING * * *
The gnoll hits you with a +0 club!
* * * LOW HITPOINT WARNING * * *
The gnoll barely misses you. The bat misses you.
The gnoll attacks as it pursues you! The gnoll hits you with a +0 flail.
You die...

Skill      XL: |  1  2  3 |
---------------+----------+-----
Spellcasting   | 3 |  3.4
Conjurations   | 3 |  3.4
Hexes          | 3 |  3.4
Summonings     | 3 |  3.4
Necromancy     | 3 |  3.4
Translocations | 3 |  3.4
Fire Magic     | 3 |  3.4
Ice Magic      | 3 |  3.4
Air Magic      | 3 |  3.4
Earth Magic    | 3 |  3.4
Alchemy        | 3 |  3.4
Fighting       | 3 |  3.0
Long Blades    | |  1.7
Throwing       | |  0.7
Armour         | |  1.0
Dodging        | |  2.1

Action                     || total
---------------------------++-------
  Melee: Falchion          ||   116
         Punch             ||     2
  Throw: Dart              ||     1
 Armour: Leather armour    ||    79
  Dodge: Dodged            ||    91

Levels and vault maps discovered:
D:1:      spicycebolla_arrival_xxxplode, layout_loops_cross, serial_shops,
          nicolae_shop_crystal, minmay_tetromino_s4
D:2:      layout_rooms, uniq_robin, uniq_terence

Notes
Turn   | Place    | Note
-------+----------+-------------------------------------------
     0 | D:1      | cforsyth the Djinni Warper began the quest for the Orb.
     0 | D:1      | cforsyth set off with the following spells memorised:
                  | Blink, Lesser Beckoning, Teleport Other, Manifold Assault,
                  | Vhi's Electric Charge.
     0 | D:1      | Reached XP level 1. HP: 18/18 MP: 0/0
    85 | D:1      | Reached skill level 3 in Spellcasting
    85 | D:1      | Reached skill level 3 in Conjurations
    85 | D:1      | Reached skill level 3 in Hexes
    85 | D:1      | Reached skill level 3 in Summonings
    85 | D:1      | Reached skill level 3 in Necromancy
    85 | D:1      | Reached skill level 3 in Translocations
    85 | D:1      | Reached skill level 3 in Fire Magic
    85 | D:1      | Reached skill level 3 in Ice Magic
    85 | D:1      | Reached skill level 3 in Air Magic
    85 | D:1      | Reached skill level 3 in Earth Magic
    85 | D:1      | Reached skill level 3 in Alchemy
   176 | D:1      | Reached XP level 2. HP: 21/23 MP: 0/0
   413 | D:1      | Found Binubb's Armour Boutique.
   600 | D:1      | Reached XP level 3. HP: 29/29 MP: 0/0
   600 | D:1      | Learned a level 1 spell: Necrotise
  1206 | D:1      | Reached skill level 3 in Fighting
  1319 | D:2      | Slain by a gnoll

Vanquished Creatures
  A ribbon worm (D:2)
  2 dart slugs
  2 ball pythons (D:1)
  4 endoplasms
  A giant cockroach (D:2)
  5 goblins (D:1)
  2 hobgoblins (D:1)
  A jackal (D:1)
  A quokka (D:1)
  3 bats (D:1)
  3 frilled lizards (D:1)
  4 rats (D:1)
29 creatures vanquished.

Table legend: (Time is in decaauts)
 A = Elapsed time spent in this place.
 B = Non-inter-level travel time spent in this place.
 C = Inter-level travel time spent in this place.
 D = Time resting spent in this place.
 E = Time spent auto-exploring this place.
 F = Levels seen in this place.
 G = Mean time per level.
                   A        B        C        D        E       F      G
               +--------+--------+--------+--------+--------+-----+--------+
         Total |   1344 |   1306 |     38 |    134 |    884 |   2 |  672.0 |
       Dungeon |   1344 |   1306 |     38 |    134 |    884 |   2 |  672.0 |
               +--------+--------+--------+--------+--------+-----+--------+

Top non-repeatable levels by time:
     D:1: 1084 daAuts
     D:2: 260 daAuts

Table legend:
 A = Non-vault XP
 B = Vault XP
 C = Vault XP percentage of total XP
 D = Non-vault monster count
 E = Vault monster count
 F = Vault count percentage of total count
                 A         B        C        D         E       F
            +---------+---------+-------+---------+---------+-------
      Total |      46 |       9 |  16.4 |      24 |       5 |  17.2
            +---------+---------+-------+---------+---------+-------
        D:1 |      33 |       9 |  21.4 |      20 |       5 |  20.0
        D:2 |      13 |       0 |   0.0 |       4 |       0 |   0.0
            +---------+---------+-------+---------+---------+-------
